 Dungeon Crawl Stone Soup version 0.31-a0-888-g40fc089 (webtiles) character file.

Game seed: 18233280944874470653

179581 Cabbage the Fighter (level 17, -5/116 (158) HPs)
             Began as a Grey Draconian Venom Mage on Oct 15, 2023.
             Was an Elder of Ashenzari.
             Slain by the 27-headed Lernaean hydra (9 damage)
             ... on level 4 of the Swamp on Oct 16, 2023.
             The game lasted 02:32:39 (47802 turns).

Cabbage the Fighter (Grey Draconian Venom Mage)    Turns: 47802, Time: 02:32:41

HP:   -5/116 (158)  AC: 27    Str: 15    XL:     17   Next: 61%
MP:   32/32         EV: 18    Int: 24    God:    Ashenzari [****..]
Gold: 2265          SH:  0    Dex: 13    Spells: 4/45 levels left

rFire   . . .        a - +0 great sword (freeze)
rCold   . . .        (shield currently unavailable)
rNeg    . . .        (body armour unavailable)
rPois   .            J - +2 hat "Enlightened Altruism" {Self, Fort} (curse)
rElec   .            r - +0 cloak of the Oracular God {Elem, Cun} (curse)
rCorr   .            T - +2 pair of gloves of the Shackled Sky {Bglg, Self} (curse)
SInv    +            C - +2 pair of boots of Supernal Gnosis {Fly, Elem, Self} (curse)
Will    +....        Z - amulet "Oracular Discomfort" {RegenMP, Alch, Elem} (curse)
Stlth   +++++        R - +6 ring of intelligence
HPRegen 0.39/turn    M - ring of Curses and Power {AC+4, Bglg, Alch} (curse)
MPRegen 0.63/turn

%: clarity
@: about to teleport, flying, studying Fire Magic, very heavily drained
A: AC +14, amphibious, unfitting armour, cold-blooded, low MP 1
a: Renounce Religion, Shatter the Chains


You were on level 4 of the Swamp.
You worshipped Ashenzari.
Ashenzari was greatly pleased with you.
You visited 5 branches of the dungeon, and saw 27 of its levels.
You also visited: Sewer, Ossuary, Ice Cave and Volcano.

You collected 2945 gold pieces.
You spent 680 gold pieces at shops.

Inventory:

Hand Weapons
 a - a +0 great sword of freezing (weapon)
 d - the +9 trident of Shrieking Terror {antimagic, rPois rF- rN++ Stlth+}
   (You found it on level 4 of the Lair of Beasts)

   rF-:       It makes you vulnerable to fire.
   rPois:     It protects you from poison rN++: It greatly protects you from
   negative energy.
   Stlth+:    It makes you more stealthy.
 f - the +3 trident of Wrath {drain, *Corrode rPois rF- SInv}
   (You found it on level 9 of the Dungeon)

   rF-:       It makes you vulnerable to fire.
   rPois:     It protects you from poison SInv: It lets you see invisible.
   *Corrode:  It may corrode you when you take damage.
Armour
 r - the cursed +0 cloak of the Oracular God (worn) {Elem, Cun}
   (You found it on level 3 of the Dungeon)

   It has a curse which improves the following skills: Elements: Fire Magic, Ice
   Magic, Air Magic and Earth Magic.
   Cunning:   Dodging and Stealth.
 C - the cursed +2 pair of boots of Supernal Gnosis (worn) {Fly, Elem, Self}
   (You found it in a volcano)

   It has a curse which improves the following skills: Elements: Fire Magic, Ice
   Magic, Air Magic and Earth Magic.
   Introspection: Fighting and Spellcasting.
 J - the cursed +2 hat "Enlightened Altruism" (worn) {Self, Fort}
   (You found it on level 8 of the Dungeon)

   It has a curse which improves the following skills: Introspection: Fighting
   and Spellcasting.
   Fortitude: Shields.
 T - the cursed +2 pair of gloves of the Shackled Sky (worn) {Bglg, Self}
   (You found it on level 15 of the Dungeon)

   It has a curse which improves the following skills: Beguiling: Conjurations,
   Hexes and Translocations.
   Introspection: Fighting and Spellcasting.
Magical Staves
 b - a staff of conjuration
 G - a staff of fire
 I - a staff of air
Jewellery
 q - a ring of ice
 M - the cursed ring of Curses and Power (right hand) {AC+4, Bglg, Alch}
   (You found it on level 9 of the Dungeon)

   [ring of protection]

   AC+4:      It affects your AC (+4).
   It has a curse which improves the following skills: Beguiling: Conjurations,
   Hexes and Translocations.
   Alchemy:   Poison Magic and Transmutations.
 O - a +6 ring of intelligence
 Q - a ring of protection from fire
 R - a +6 ring of intelligence (left hand)
 U - a ring of protection from cold
 W - a ring of positive energy
 Z - the cursed amulet "Oracular Discomfort" (around neck) {RegenMP, Alch, Elem}
   (You found it on level 1 of the Lair of Beasts)

   [amulet of magic regeneration]

   RegenMP:   It increases your rate of magic regeneration.
   It has a curse which improves the following skills: Alchemy: Poison Magic and
   Transmutations.
   Elements:  Fire Magic, Ice Magic, Air Magic and Earth Magic.
Wands
 k - a wand of flame (29)
 t - a wand of polymorph (6)
 w - a wand of digging (12)
 F - a wand of iceblast (23)
 X - a wand of light (23)
 Y - a wand of paralysis (11)
Scrolls
 c - 24 scrolls of identify
 h - 9 scrolls of teleportation
 i - 3 scrolls of poison
 o - 3 scrolls of fear
 u - 3 scrolls of brand weapon
 y - a scroll of blinking
 D - 2 scrolls of torment
 E - 4 scrolls of vulnerability
 K - a scroll of butterflies
 L - 4 scrolls of revelation
 N - 8 scrolls of immolation
 P - a scroll of amnesia
 S - a scroll of fog
 V - 3 scrolls of enchant weapon
Potions
 e - 3 potions of berserk rage
 g - 3 potions of lignification
 j - 3 potions of brilliance
 l - 4 potions of magic
 m - 7 potions of haste
 n - 3 potions of resistance
 p - 10 potions of might
 s - 11 potions of curing
 v - 6 potions of invisibility
 x - 9 potions of enlightenment
 z - a potion of cancellation
 A - 4 potions of mutation
 B - 4 potions of attraction
 H - 2 potions of heal wounds


   Skills:
 + Level 12.5(16.0) Fighting
 + Level 10.9 Long Blades
 - Level 3.2 Maces & Flails
 + Level 2.2 Polearms
 + Level 11.1(12.9) Dodging
 + Level 11.9(13.7) Stealth
 + Level 11.3(14.9) Spellcasting
 + Level 10.7(13.4) Conjurations
 - Level 8.5(11.3) Transmutations
 - Level 5.8(9.3) Fire Magic
 + Level 11.5(15.0) Earth Magic
 - Level 11.5(14.2) Poison Magic


You had 4 spell levels left.
You knew the following spells:

 Your Spells              Type           Power      Damage    Failure   Level
a - Sandblast             Erth           100%       2d20      0%          1
b - Poisonous Vapours     Pois/Air       100%       N/A       1%          2
c - Ignite Poison         Fire/Tmut/Pois 65%        N/A       1%          3
d - Sting                 Tmut/Pois      100%       1d8       0%          1
e - Passwall              Tmut/Erth      57%        N/A       1%          2
f - Stone Arrow           Conj/Erth      100%       3d13      1%          3
g - Olgreb's Toxic Radia  Pois           72%        N/A       1%          4
h - Mephitic Cloud        Conj/Pois/Air  58%        N/A       1%          3
i - Brom's Barrelling Bo  Conj/Erth      72%        2d9       1%          4
j - Cigotuvi's Dreadful   Necr/Pois/Air  82%        N/A       1%          2
k - Lehudib's Crystal Sp  Conj/Erth      36%        10d9      52%         8
l - Petrify               Tmut/Erth      69%        N/A       1%          4
m - Sticky Flame          Conj/Fire      64%        2d8       1%          4

Your spell library contained the following spells:

 Spells                   Type           Power      Damage    Failure   Level
 Foxfire                  Conj/Fire      100%       2x1d9     1%          1
 Static Discharge         Conj/Air       100%       2-7/arc   1%          2
 Volatile Blastmotes      Fire/Tloc      82%        2d16      1%          3
 Fulminant Prism          Conj/Hex       25%        3d14      1%          4
 Iskenderun's Mystic Bla  Conj/Tloc      50%        2d11      1%          4
 Ensorcelled Hibernation  Hex/Ice        38%        N/A       4%          2
 Sublimation of Blood     Necr           17%        N/A       4%          2
 Ozocubu's Armour         Ice            20%        N/A       8%          3
 Swiftness                Air            20%        N/A       8%          3
 Summon Guardian Golem    Hex/Summ       18%        N/A       9%          3
 Tukima's Dance           Hex            19%        N/A       9%          3
 Airstrike                Air            10%        2d(2-18)  26%         4
 Passage of Golubria      Tloc           19%        N/A       26%         4
 Vhi's Electric Charge    Tloc/Air       38%        N/A       26%         4
 Summon Ice Beast         Ice/Summ       19%        N/A       28%         4
 Summon Lightning Spire   Summ/Air       19%        N/A       28%         4
 Animate Dead             Necr           17%        N/A       32%         4
 Irradiate                Conj/Tmut      33%        3d22      1%          5
 Arcjolt                  Conj/Air       25%        1d35      4%          5
 Starburst                Conj/Fire      32%        6d10      4%          6
 Yara's Violent Unravell  Hex/Tmut       22%        3d10      9%          5
 Orb of Destruction       Conj           35%        9d10      11%         7
 Freezing Cloud           Conj/Ice/Air   20%        6-21      12%         5
 Plasma Beam              Fire/Air       20%        2x1d32    54%         6
 Silence                  Hex/Air        9%         N/A       58%         5
 Spellforged Servitor     Conj/Summ      25%        N/A       86%         7
 Dispersal                Tloc           9%         N/A       99%         6
 Simulacrum               Ice/Necr       9%         N/A       99%         6
 Ignition                 Fire           29%        3d9       99%         8
 Haunt                    Necr/Summ      8%         N/A       100%        7
 Malign Gateway           Summ/Tloc      9%         N/A       100%        7
 Ozocubu's Refrigeration  Ice            10%        4d9       100%        7
 Infestation              Necr           8%         N/A       100%        8
 Maxwell's Capacitive Co  Air            10%        ∞         100%        8
 Polar Vortex             Ice            10%        12d1*     100%        9


Dungeon Overview and Level Annotations

Branches:
Dungeon (15/15)            Temple (0/1) D:5            Lair (5/5) D:9
  Swamp (4/4) Lair:2        Snake (0/4) Lair:3        Slime (0/5) Lair:5
    Orc (2/2) D:12            Elf (0/3) Orc:2        Vaults (0/5) D:14
 Depths (1/4) D:15          Sewer (visited)         Ossuary (visited)
  IceCv (visited)         Volcano (visited)

Altars:
Ashenzari
Cheibriados
Fedhas
Okawaru
Trog
Jiyva
Lugonu

Shops:
D:5 (   D:6 *[   D:11 (   Orc:2 *(:*

Portals:
Abyss: Lair:5

Annotations:
D:6 Jeremiah
D:11 2 transporters, Dega's ghost, journeyman SpHu
Lair:5 1 runed translucent door
Swamp:4 Lernaean hydra


Innate Abilities, Weirdness & Mutations

Your dull iron-grey scales are very hard. (AC +14)
You are amphibious.
You cannot fit into any form of body armour.
You are cold-blooded and may be slowed by cold attacks.
Your magical capacity is low. (-10% MP)


Message History

The 27-headed Lernaean hydra bites you. x3
The 27-headed Lernaean hydra misses you. x2
As you read the scroll of teleportation, it crumbles to dust.
You feel strangely unstable.
The 27-headed Lernaean hydra bites you but does no damage. x3
The 27-headed Lernaean hydra bites you. x2
The 27-headed Lernaean hydra bites you but does no damage.
The 27-headed Lernaean hydra bites you!
* * * LOW HITPOINT WARNING * * *
The 27-headed Lernaean hydra bites you!
* * * LOW HITPOINT WARNING * * *
The 27-headed Lernaean hydra misses you.
The 27-headed Lernaean hydra bites you but does no damage. x3
The 27-headed Lernaean hydra misses you.
The 27-headed Lernaean hydra bites you but does no damage.
The 27-headed Lernaean hydra closely misses you.
The 27-headed Lernaean hydra bites you but does no damage.
The 27-headed Lernaean hydra barely misses you.
The 27-headed Lernaean hydra bites you!
* * * LOW HITPOINT WARNING * * *
The 27-headed Lernaean hydra bites you but does no damage.
The 27-headed Lernaean hydra barely misses you.
The 27-headed Lernaean hydra closely misses you.
The 27-headed Lernaean hydra bites you but does no damage. x3
The 27-headed Lernaean hydra bites you.
* * * LOW HITPOINT WARNING * * *
The 27-headed Lernaean hydra bites you but does no damage. x2
The 27-headed Lernaean hydra attacks as it pursues you!
The 27-headed Lernaean hydra bites you but does no damage. x4
The 27-headed Lernaean hydra misses you.
The 27-headed Lernaean hydra bites you but does no damage. x3
The 27-headed Lernaean hydra misses you.
The 27-headed Lernaean hydra bites you but does no damage. x3
The 27-headed Lernaean hydra misses you. x2
The 27-headed Lernaean hydra bites you but does no damage. x2
The 27-headed Lernaean hydra bites you!
* * * LOW HITPOINT WARNING * * *
The 27-headed Lernaean hydra bites you but does no damage. x2
The 27-headed Lernaean hydra bites you!
You die...

~~♣♣~♣.♣♣♣♣♣♣..♣♣.....♣♣♣~~~~~~~~
..~..~♣♣♣..♣.~.♣♣.~~~.♣♣♣..~...~~
♣~.~~♣♣.~~~~~~.♣♣~~~~..[.~~~~....
~~...♣~..~~..[.♣♣.~~~~~~~~~~.....
♣.....♣~~..♣~.~<.~~~~~~~.~~~.~~~.
.~.~~.~§~~~~~[~~(.°~~~~~~~...~~~~
~.♣♣.♣~.♣♣.~~~~.♣♣☼~~~~~~§...~~~~
...♣♣~D.♣♣♣.~~~.♣~.♣.~~~~~...~~~~
~~♣♣~..♣♣♣♣.~~~.@D♣♣♣.~~~~.~....~
..~....♣ ♣~~§§~~.♣♣♣♣~.~~~...~..♣
......♣♣ ♣.~~~~~.♣♣♣~..~~~.....♣♣
~~~.♣♣♣ ♣~~~~~~♣♣♣~....~~♣~.♣♣♣
..~.♣♣ ♣.~~~..♣♣...♣~..~♣♣♣♣
....§♣ ♣.....♣♣~§~.♣~~~♣♣ .~...♣
♣..~♣♣♣♣~~.~♣~~.♣ ~...♣♣ ♣♣♣♣♣
♣~.♣♣♣~.♣♣ .....♣ ♣♣♣♣ ♣♣♣♣


You could see the 27-headed Lernaean hydra.

Vanquished Creatures
  Mlioglotl (Swamp:4)
  Frances (Swamp:1)
  2 fenstrider witches (Swamp:3)
  3 ghouls (Swamp:4)
  An orc warlord (Orc:2)
  Nessos (Orc:2)
  4 eleionomae
  3 bunyips
  Snorg (D:14)
  A rakshasa (D:15)
  20 hydras
  An alligator (shapeshifter) (D:15)
  2 ironbound frosthearts (IceCv)
  A centaur warrior (D:14)
  7 alligators
  2 catoblepae (Lair:5)
  A dancing weapon (Volcano)
  28 death yaks
  A death knight (D:15)
  9 two-headed ogres
  Urug (Lair:1)
  3 tengu warriors
  5 orc high priests
  3 thrashing horrors (Lair:5)
  Sonja (Lair:2)
  A fire crab (Lair:4)
  4 goliath frogs
  3 skysharks
  Amaemon (Lair:1)
  8 skeletal warriors
  A death drake (Swamp:2)
  3 spriggan druids
  A necromancer (D:15)
  13 swamp dragons
  3 lindwurms
  4 bog bodies
  10 wizards
  A phantasmal warrior (D:14)
  6 orc knights
  7 orc sorcerers
  17 ugly things
  3 cyclopes
  5 manticores
  3 will-o-the-wisps
  A centaur zombie (D:15)
  5 toenail golems (Volcano)
  8 black mambas
  3 smoke demons (Lair:5)
  An orange demon (Lair:1)
  12 elephants
  An ice statue (IceCv)
  2 centaur skeletons (D:15)
  5 torpor snails
  5 rime drakes
  12 cane toads
  17 komodo dragons
  An efreet (D:12)
  2 freezing wraiths
  A tengu conjurer (D:15)
  9 trolls
  8 tyrant leeches
  A polar bear (shapeshifter) (D:13)
  3 hornets
  3 bloated husks
  16 polar bears
  2 raiju (Lair:5)
  19 blink frogs
  Grinder (D:6)
  Prince Ribbit (D:5)
  5 dream sheep (Lair:5)
  14 slime creatures
  2 shadows
  5 wyverns
  91 yaks
  4 spriggans
  A vampire (D:12)
  2 large abominations (Lair:5)
  4 wraiths
  Eustachio (D:6)
  2 ynoxinuls (Lair:5)
  2 steam dragons
  17 vampire mosquitoes
  9 basilisks
  A chaos spawn (Lair:5)
  14 small abominations (Lair:5)
  Menkaure (Ossuary)
  8 wargs
  11 swamp worms
  3 acid dragons
  16 water moccasins
  An ice beast (D:8)
  39 orc warriors
  8 swamp drakes
  A black bear (D:6)
  24 wolves
  3 centaurs
  A phantom (D:6)
  18 ogres
  A kobold brigand (D:6)
  12 bullfrogs
  A gnoll sergeant (D:10)
  2 necrophages (Swamp:4)
  3 scorpions
  9 wights
  6 killer bees
  4 howler monkeys
  4 electric eels
  28 orc priests
  7 hounds (D:9)
  6 jellies
  3 gnoll boudas
  Natasha (thrice) (D:2)
  17 iguanas
  3 sleepcaps
  15 orc wizards
  3 mummies (Ossuary)
  Robin (D:2)
  11 gnolls
  8 adders
  A shadow imp (D:7)
  A white imp (D:7)
  2 ufetubi (D:7)
  6 worms
  A dart slug (D:3)
  101 orcs
  11 endoplasms
  3 giant cockroaches
  4 gnoll zombies (Ossuary)
  19 goblins
  7 hobgoblins
  2 jackals (D:3)
  4 quokkas
  5 ball pythons
  3 bats (D:2)
  24 frilled lizards
  2 gnoll skeletons (Ossuary)
  2 goblin skeletons (Ossuary)
  10 goblin zombies
  3 hobgoblin skeletons (Ossuary)
  3 hobgoblin zombies (Ossuary)
  4 kobolds
  5 kobold skeletons (Ossuary)
  A kobold zombie (Ossuary)
  6 orc skeletons (Ossuary)
  3 orc zombies (Ossuary)
  6 rats
  7 rat skeletons (Ossuary)
  6 rat zombies
  2 butterflies (Lair:3)
1045 creatures vanquished.

Vanquished Creatures (collateral kills)
  6 boulders
6 creatures vanquished.

Vanquished Creatures (others)
  A tengu warrior (D:15)
  A polar bear (IceCv)
  3 bloated husks
  4 boulders
  16 foxfires
25 creatures vanquished.

Grand Total: 1076 creatures vanquished

Notes
Turn   | Place    | Note
-------+----------+-------------------------------------------
     0 | D:1      | Cabbage the Draconian Venom Mage began the quest for the
                  | Orb.
     0 | D:1      | Reached XP level 1. HP: 14/14 MP: 3/3
   227 | D:1      | Found a faded altar of an unknown god.
   267 | D:1      | Prayed at the altar of an unknown god.
   267 | D:1      | Became a worshipper of Ashenzari the Shackled
   908 | D:2      | Reached XP level 2. HP: 20/20 MP: 0/5
   921 | D:2      | Noticed Robin
   969 | D:2      | Killed Robin
  1230 | D:2      | Reached XP level 3. HP: 26/26 MP: 3/6
  1930 | D:2      | Noticed Natasha
  1941 | D:2      | Killed Natasha
  1942 | D:2      | Reached XP level 4. HP: 24/33 MP: 0/7
  2170 | D:2      | Noticed Natasha
  2177 | D:2      | Killed Natasha
  2517 | D:2      | Noticed Natasha
  2522 | D:2      | Killed Natasha
  3028 | D:3      | Reached * piety under Ashenzari
  3028 | D:3      | Identified a scroll of acquirement
  3093 | D:3      | Reached XP level 5. HP: 38/38 MP: 4/9
  3627 | D:3      | Learned a level 2 spell: Poisonous Vapours
  3631 | D:3      | Learned a level 3 spell: Ignite Poison
  3655 | D:3      | Reached ** piety under Ashenzari
  3911 | D:4      | Found a glowing drain.
  3915 | Sewer    | Entered a sewer
  4277 | Sewer    | Reached skill level 1 in Fire Magic
  4277 | Sewer    | Reached XP level 6. HP: 31/45 MP: 3/10
  4352 | Sewer    | Found a viscous altar of Jiyva.
  5195 | D:4      | Found a broken altar of Ashenzari.
  5700 | D:4      | Found a blossoming altar of Fedhas.
  6039 | D:5      | Entered Level 5 of the Dungeon
  6271 | D:5      | Found a staircase to the Ecumenical Temple.
  6453 | D:5      | Noticed Prince Ribbit
  6577 | D:5      | Found Riaxzunk's Antique Weapon Shoppe.
  6590 | D:5      | Noticed a water moccasin
  6610 | D:5      | Killed a water moccasin
  6611 | D:5      | Your scales start taking on a dull iron-grey colour.
  6611 | D:5      | Reached XP level 7. HP: 8/50 MP: 0/12
  6637 | D:5      | Identified the cursed +0 cloak of the Oracular God {Elem,
                  | Cun} (You found it on level 3 of the Dungeon)
  6970 | D:6      | Found a sand-covered staircase.
  6978 | Ossuary  | Entered an ossuary
  7249 | Ossuary  | Noticed Menkaure
  7263 | Ossuary  | Killed Menkaure
  7273 | Ossuary  | Reached skill level 5 in Poison Magic
  7598 | D:6      | Found Ipnefyzxo's Armour Shop.
  7628 | D:6      | Found Rotaok's Assorted Antiques.
  7947 | D:6      | Reached XP level 8. HP: 57/57 MP: 10/14
  8248 | D:6      | Reached skill level 1 in Fighting
  8404 | D:6      | Noticed Jeremiah
  8467 | D:6      | Reached skill level 1 in Maces & Flails
  8824 | D:6      | Noticed Eustachio
  8831 | D:6      | Killed Eustachio
  8832 | D:6      | Reached skill level 2 in Fighting
  9044 | D:6      | Noticed Grinder
  9055 | D:6      | Paralysed by Grinder for 2 turns
  9058 | D:6      | Killed Grinder
  9059 | D:6      | Reached skill level 5 in Transmutations
  9443 | D:5      | Killed Prince Ribbit
  9444 | D:5      | Reached skill level 5 in Spellcasting
  9444 | D:5      | Reached XP level 9. HP: 68/68 MP: 4/16
  9853 | D:5      | Reached skill level 3 in Fighting
 10741 | D:7      | Reached skill level 1 in Earth Magic
 10754 | D:7      | Reached skill level 5 in Stealth
 11011 | D:7      | Reached skill level 1 in Conjurations
 11868 | D:8      | Learned a level 1 spell: Sandblast
 12215 | D:8      | Found an iron altar of Okawaru.
 12275 | D:8      | Reached skill level 1 in Long Blades
 12275 | D:8      | Reached skill level 5 in Dodging
 12543 | D:8      | Reached skill level 4 in Fighting
 13093 | D:9      | Noticed a troll
 13100 | D:9      | Killed a troll
 13105 | D:9      | Reached XP level 10. HP: 30/78 MP: 0/18
 13802 | D:9      | Noticed a two-headed ogre
 13809 | D:9      | Killed a two-headed ogre
 13976 | D:9      | Found a staircase to the Lair.
 14147 | D:9      | Reached *** piety under Ashenzari
 14163 | D:9      | Identified the +0 scale mail "Ojuog" {rElec rCorr Int-3}
 14408 | D:9      | Found a snail-covered altar of Cheibriados.
 14462 | D:9      | Identified the +4 falchion of Ascent {heavy, Dex+3}
 14841 | D:9      | Learned a level 2 spell: Passwall
 14845 | D:9      | Learned a level 3 spell: Stone Arrow
 14850 | D:9      | Learned a level 4 spell: Olgreb's Toxic Radiance
 14854 | D:9      | Learned a level 3 spell: Mephitic Cloud
 14865 | D:9      | Identified the +3 trident of Wrath {drain, *Corrode rPois
                  | rF- SInv}
 14867 | D:9      | Noticed a tengu warrior
 14871 | D:9      | Killed a tengu warrior
 14951 | D:9      | Reached skill level 5 in Fighting
 15598 | D:10     | Entered Level 10 of the Dungeon
 15612 | D:10     | Noticed a two-headed ogre
 15618 | D:10     | Killed a two-headed ogre
 15937 | D:10     | Reached XP level 11. HP: 80/91 MP: 2/22
 16099 | D:10     | Noticed a fire dragon
 16836 | D:10     | Noticed a wizard
 16841 | D:10     | Killed a wizard
 16916 | D:10     | Noticed a two-headed ogre
 16916 | D:10     | Noticed a two-headed ogre
 16941 | D:10     | Killed a two-headed ogre
 16942 | D:10     | Reached skill level 5 in Earth Magic
 16942 | D:10     | Killed a two-headed ogre
 17271 | D:10     | Reached skill level 6 in Fighting
 17713 | D:11     | Noticed a two-headed ogre
 17716 | D:11     | Noticed a tengu warrior
 17717 | D:11     | Noticed a two-headed ogre
 17718 | D:11     | Noticed Dega's ghost (journeyman SpHu)
 17720 | D:11     | Noticed a two-headed ogre
 17724 | D:11     | Found a transporter.
 17729 | D:11     | Found a bloodstained altar of Trog.
 17743 | D:11     | Found a transporter.
 18105 | D:11     | Found Lera's Weapon Emporium.
 18112 | D:11     | Noticed a two-headed ogre
 18145 | D:11     | Killed a two-headed ogre
 18943 | D:13     | Noticed a seven-headed hydra
 18949 | D:13     | Killed a seven-headed hydra
 19077 | D:13     | Found a frozen archway.
 19090 | IceCv    | Entered an ice cave
 19193 | IceCv    | Reached XP level 12. HP: 100/102 MP: 9/24
 19194 | IceCv    | Reached skill level 5 in Conjurations
 19291 | IceCv    | Noticed a death yak
 19292 | IceCv    | Noticed a death yak
 19292 | IceCv    | Noticed a death yak
 19307 | IceCv    | Killed a death yak
 19307 | IceCv    | Killed a death yak
 19309 | IceCv    | Killed a death yak
 19310 | IceCv    | Reached skill level 7 in Fighting
 19442 | IceCv    | Reached skill level 5 in Long Blades
 19883 | IceCv    | Noticed a death yak
 19889 | IceCv    | Killed a death yak
 20226 | IceCv    | Noticed a death yak
 20226 | IceCv    | Noticed an ironbound frostheart
 20226 | IceCv    | Noticed an ironbound frostheart
 20230 | IceCv    | Killed an ironbound frostheart
 20231 | IceCv    | Killed a death yak
 20231 | IceCv    | Killed an ironbound frostheart
 20339 | IceCv    | Identified the +3 leather armour "Qoxtacut" {Harm rPois
                  | Str-4}
 20482 | D:13     | Noticed a four-headed hydra
 20489 | D:13     | Killed a four-headed hydra
 20748 | D:14     | Noticed Snorg
 21367 | D:13     | Acquired a staff of conjuration
 21435 | D:13     | Reached XP level 13. HP: 80/111 MP: 14/26
 21521 | D:13     | Learned a level 4 spell: Brom's Barrelling Boulder
 21845 | D:14     | Reached skill level 8 in Fighting
 21873 | D:14     | Killed Snorg
 22166 | D:14     | Found a runed translucent door.
 22658 | D:14     | Found a gate to the Vaults.
 24747 | D:15     | Entered Level 15 of the Dungeon
 25974 | D:15     | Reached XP level 14. HP: 84/122 MP: 1/28
 26127 | D:15     | Reached skill level 9 in Fighting
 26394 | D:15     | Found a staircase to the Depths.
 27496 | Depths:1 | Entered Level 1 of the Depths
 27496 | Depths:1 | Noticed a fire giant
 27655 | Lair:1   | Entered Level 1 of the Lair of Beasts
 27872 | Lair:1   | Identified Jiwnaam's Catalogue of Frigid Translocation
 28086 | Lair:1   | Upgraded the game from 0.31-a0-881-ge136f0c to
                  | 0.31-a0-888-g40fc089
 28210 | Lair:1   | Reached skill level 10 in Poison Magic
 28623 | Lair:1   | Noticed Amaemon
 28671 | Lair:1   | Killed Amaemon
 28773 | Lair:1   | Noticed Urug
 28776 | Lair:1   | Killed Urug
 29575 | Lair:2   | Noticed Sonja
 29579 | Lair:2   | Killed Sonja
 30025 | Lair:2   | Reached skill level 10 in Fighting
 30168 | Lair:2   | Reached XP level 15. HP: 88/129 MP: 10/29
 30743 | Lair:2   | Found a staircase to the Swamp.
 31031 | Lair:3   | Found a dark tunnel.
 31084 | Volcano  | Entered a volcano
 31154 | Volcano  | Reached skill level 10 in Stealth
 32254 | Lair:3   | Found a staircase to the Snake Pit.
 32722 | Lair:5   | Entered Level 5 of the Lair of Beasts
 33445 | Lair:4   | Reached skill level 10 in Spellcasting
 33485 | Lair:4   | Identified the +9 trident of Shrieking Terror {antimagic,
                  | rPois rF- rN++ Stlth+}
 33523 | Lair:4   | Learned a level 2 spell: Cigotuvi's Dreadful Rot
 34374 | Lair:5   | Reached skill level 11 in Fighting
 34434 | Lair:5   | Found a runed translucent door.
 34434 | Lair:5   | Found a viscous altar of Jiyva.
 34545 | Lair:5   | Reached XP level 16. HP: 117/139 MP: 12/31
 34955 | Lair:5   | Reached skill level 10 in Dodging
 35044 | Lair:5   | Found a staircase to the Slime Pits.
 35327 | Lair:5   | Reached skill level 5 in Fire Magic
 36193 | Lair:5   | Reached skill level 10 in Earth Magic
 36364 | Lair:5   | Found a corrupted altar of Lugonu.
 36364 | Lair:5   | Found a one-way gate to the infinite horrors of the Abyss.
 37605 | D:12     | Found a staircase to the Orcish Mines.
 37956 | Orc:1    | Entered Level 1 of the Orcish Mines
 38475 | Orc:2    | Entered Level 2 of the Orcish Mines
 38924 | Orc:2    | Noticed Nessos
 38930 | Orc:2    | Killed Nessos
 39415 | Orc:2    | Found Zyorun's Book Shop.
 39423 | Orc:2    | Gained mutation: Your magical capacity is low. (-10% MP) [a
                  | neqoxec]
 39455 | Orc:2    | Bought a book of Alchemy for 280 gold pieces
 39455 | Orc:2    | Bought a book of the Moon for 400 gold pieces
 39488 | Orc:2    | Found Terchelo's Assorted Antiques.
 39505 | Orc:2    | Learned a level 8 spell: Lehudib's Crystal Spear
 39704 | Orc:2    | Reached skill level 10 in Long Blades
 39911 | Orc:2    | Found Luud Osk's General Store.
 40231 | Orc:2    | Found Aghisukka's Antique Weapon Shop.
 40563 | Orc:2    | Found a staircase to the Elven Halls.
 40633 | Orc:2    | Reached skill level 10 in Conjurations
 41058 | Swamp:1  | Entered Level 1 of the Swamp
 41058 | Swamp:1  | Noticed Frances
 41067 | Swamp:1  | Killed Frances
 41937 | Swamp:2  | Reached XP level 17. HP: 126/154 MP: 13/31
 42316 | Swamp:2  | Reached skill level 12 in Fighting
 43409 | Swamp:3  | Identified the +9 spear "Iwoad" {antimagic, Str+4 Dex+3}
 43628 | Swamp:4  | Entered Level 4 of the Swamp
 44313 | Swamp:3  | Paralysed by a fenstrider witch for 3 turns
 45339 | Swamp:4  | Noticed Mlioglotl
 45507 | Swamp:4  | Killed Mlioglotl
 45775 | Swamp:4  | Reached skill level 1 in Polearms
 47340 | Swamp:4  | Noticed the 27-headed Lernaean hydra
 47743 | Swamp:4  | Reached **** piety under Ashenzari
 47769 | Swamp:3  | Learned a level 4 spell: Petrify
 47774 | Swamp:3  | Learned a level 4 spell: Sticky Flame
 47802 | Swamp:4  | HP: 4/116 [the 27-headed Lernaean hydra (7)]
 47802 | Swamp:4  | Slain by the 27-headed Lernaean hydra

Illustrated notes

Levels and vault maps discovered:
D:1:      evilmike_arrival_fibonacci_small, layout_basic,
          shapermc_ecumenical_altar_notcrosses
D:2:      layout_basic, uniq_natasha, uniq_robin
D:3:      layout_loops_cross
D:4:      layout_basic, kennysheep_little_box, evilmike_ruin_ashenzari,
          gup_sewer_entry_spiral, nicolae_underground_beach
D:5:      layout_loops_corners, minmay_temple_entry_butterflies, serial_shops,
          nicolae_shop_trees, uniq_prince_ribbit1
D:6:      layout_basic, serial_shops, nicolae_shop_getting_attention,
          enter_ossuary_4, minmay_shop_grid_forest, uniq_grinder,
          uniq_eustachio, uniq_jeremiah
D:7:      layout_basic
D:8:      layout_basic, kennysheep_okawaru_gauntlet
D:9:      layout_loops_corners, slow_altar_1, erik_lair_island,
          serial_park_tiny_1, minmay_lizard_king
D:10:     minmay_opposing_rooms, layout_small_grid
D:11:     layout_basic, gammafunk_ghost_wrathful_warriors, serial_shops,
          nicolae_shop_behind_doors, reono_crystal_passage,
          minmay_misc_feat_diagonals
D:12:     layout_gridville, orc_0_dummy, minmay_misc_feat_pillars
D:13:     lemuel_ice_spiral_2, layout_basic, portal_ice_cave_rime
D:14:     layout_irregular_city, hellmonk_vaults_attempted_burglary,
          serial_glass, glass_columns_c, glass_columns_a, st_stairs_6,
          lightli_church_of_beogh, uniq_snorg
D:15:     grunt_enter_depths_magical_seal, layout_small_grid,
          roderic_malta_cross
Lair:1:   lemuel_reptile_caves, layout_long_grid, uniq_urug, uniq_amaemon
Lair:2:   layout_hall_layers, skrybe_swamp_entry_bodies, uniq_sonja
Lair:3:   layout_cellular_growth, dummy_snake_entry,
          nicolae_volcano_entry_vermiform, lemuel_fruit_fields
Lair:4:   nzn_winding_woodlands_cross [nzn_winding_woodlands_5x15_jagged,
          nzn_winding_woodlands_5x15_pool, nzn_winding_woodlands_5x15_twine,
          nzn_winding_woodlands_5x15_cabin,
          nzn_winding_woodlands_15x15_eel_pit], layout_layer_cave
Lair:5:   hellmonk_lair_end_abyssal_woods, layout_cave_shapes, slime_entry_2,
          infiniplex_staircase_pool, lemuel_fruit_tree, serial_bayou_shore_a
Swamp:1:  layout_basic_swamp, nicolae_swamp_trees_clearing, swamp_pool3,
          uniq_frances
Swamp:2:  layout_basic_swamp, nicolae_swamp_ascending_descending_big
Swamp:3:  layout_falls_marsh, nicolae_swamp_long_stream, swamp_pool3
Swamp:4:  swamp_old_school, layout_basic_swamp, uniq_mlioglotl
Orc:1:    layout_caves
Orc:2:    pubby_orc_utopia, uniq_nessos
Depths:1: layout_gridville, enter_ziggurat_c, hell_entry, serial_shops, shop,
          nicolae_uskayaw_suspiria, pdpol_wu_jian_five_deadly_venoms

Skill      XL: |  1  2  3  4  5  6  7  8  9 10 11 12 13 14 15 16 17 |
---------------+----------------------------------------------------+-----
Dodging        | 2 3 4 5 6 7 8 9 10 11 | 11.1
Stealth        | 2 3 4 5 6 7 8 9 10 11 | 11.9
Transmutations | 2 3 4 5 6 7 8 |  8.5
Spellcasting   | 3 4 5 6 7 8 9 10 11 | 11.3
Poison Magic   | 4 5 6 7 8 9 10 11 | 11.5
Fire Magic     | 1 2 4 5 |  5.8
Fighting       | 2 4 5 6 7 8 10 11 12 | 12.5
Maces & Flails | 2 3 |  3.2
Earth Magic    | 2 4 6 7 8 9 10 11 | 11.5
Conjurations   | 2 3 4 6 7 8 9 10 | 10.7
Long Blades    | 1 3 4 5 7 8 9 10 | 10.9
Polearms       | 2 |  2.2

Action                     |  1- 3 |  4- 6 |  7- 9 | 10-12 | 13-15 | 16-18 || total
---------------------------+-------+-------+-------+-------+-------+-------++-------
  Melee: Mace              |    18 |    71 |   250 |       |       |       ||   339
         Punch             |       |     2 |     3 |       |       |     1 ||     6
         Tailslap          |       |    11 |    39 |    19 |    26 |    43 ||   138
         Great sword       |       |       |    27 |   130 |   150 |   138 ||   445
         Staff             |       |       |       |       |     3 |       ||     3
         Trident           |       |       |       |       |       |    84 ||    84
   Cast: Sting             |    51 |   171 |    58 |       |       |       ||   280
         Poisonous Vapours |       |    12 |    84 |   130 |    95 |   124 ||   445
         Ignite Poison     |       |       |    29 |    54 |    95 |   110 ||   288
         Sandblast         |       |       |    23 |    11 |       |       ||    34
         Olgreb's Toxic Ra |       |       |       |    43 |   116 |    99 ||   258
         Stone Arrow       |       |       |       |    45 |   331 |   365 ||   741
         Mephitic Cloud    |       |       |       |     1 |       |     1 ||     2
         Brom's Barrelling |       |       |       |       |    16 |       ||    16
         Passwall          |       |       |       |       |     3 |       ||     3
         Cigotuvi's Dreadf |       |       |       |       |     1 |     3 ||     4
 Invoke: Curse Item        |     1 |     2 |       |     2 |       |     3 ||     8
         Shatter the Chain |       |       |       |       |     2 |       ||     2
  Evoke: Wand              |       |       |       |       |     1 |       ||     1
    Use: Potion            |       |     1 |     1 |       |     4 |     2 ||     8
         Scroll            |       |       |     2 |     1 |     1 |     6 ||    10
   Stab: Sleeping          |       |       |     1 |     1 |     3 |    10 ||    15
 Armour: Skin              |    27 |    81 |   278 |   210 |   512 |   755 ||  1863
  Dodge: Dodged            |    31 |   129 |   416 |   270 |   527 |   610 ||  1983

Table legend: (Time is in decaauts)
 A = Elapsed time spent in this place.
 B = Non-inter-level travel time spent in this place.
 C = Inter-level travel time spent in this place.
 D = Time resting spent in this place.
 E = Time spent auto-exploring this place.
 F = Levels seen in this place.
 G = Mean time per level.
                   A        B        C        D        E       F      G
               +--------+--------+--------+--------+--------+-----+--------+
         Total |  48464 |  44859 |   3605 |  14045 |  23167 |  31 | 1563.4 |
       Dungeon |  26896 |  24273 |   2623 |   7282 |  13517 |  15 | 1793.1 |
          Lair |   8527 |   7975 |    552 |   1946 |   4638 |   5 | 1705.4 |
         Swamp |   6805 |   6414 |    391 |   3289 |   1960 |   4 | 1701.2 |
  Orcish Mines |   3015 |   2977 |     38 |    254 |   2213 |   2 | 1507.5 |
        Depths |      1 |      1 |      0 |      0 |      0 |   1 |    1.0 |
         Sewer |    716 |    716 |      0 |    402 |     96 |   1 |  716.0 |
       Ossuary |    660 |    660 |      0 |    164 |     30 |   1 |  660.0 |
      Ice Cave |   1346 |   1346 |      0 |    576 |    531 |   1 | 1346.0 |
       Volcano |    494 |    494 |      0 |    132 |    181 |   1 |  494.0 |
               +--------+--------+--------+--------+--------+-----+--------+

Top non-repeatable levels by time:
    D:14: 2958 daAuts
     D:9: 2797 daAuts
   Orc:2: 2491 daAuts
 Swamp:4: 2435 daAuts
  Lair:5: 2390 daAuts
    D:15: 2309 daAuts
    D:13: 2163 daAuts
     D:6: 2040 daAuts
  Lair:1: 1935 daAuts
    D:10: 1888 daAuts
     D:2: 1819 daAuts
 Swamp:2: 1737 daAuts
     D:5: 1736 daAuts
     D:4: 1673 daAuts
     D:8: 1661 daAuts
